 Dungeon Crawl Stone Soup version 0.23.2-40-g277498a001 (webtiles) character file.

Game seed: 15589027015845995390

38388 serch the Peltast (level 13, -2/116 HPs)
             Began as a Minotaur Fighter on Oct 22, 2019.
             Was the Champion of Cheibriados.
             Slain by a slime creature (3 damage)
             ... on level 1 of the Pits of Slime.
             The game lasted 00:53:45 (13699 turns).

serch the Peltast (Minotaur Fighter)               Turns: 13699, Time: 00:53:46

Health: -2/116     AC: 14    Str: 39    XL:     13   Next: 63%
Magic:  13/13      EV: 12    Int: 20    God:    Cheibriados [******]
Gold:   1294       SH: 25    Dex: 27    Spells: 12/12 levels left

rFire    + . .     SeeInvis .   F - +4 mace (protect)
rCold    . . .     Gourm    .   c - +4 shield
rNeg     . . .     Faith    .   J - +0 plate armour
rPois    .         Spirit   .   (helmet restricted)
rElec    .         Reflect  +   h - +0 cloak
rCorr    .         Harm     .   (no gloves)
MR       +....                  Q - +0 pair of boots
Stlth    ..........             a - +4 amulet of reflection
HPRegen  0.29/turn              P - ring of protection from magic
MPRegen  0.13/turn              E - ring of protection from fire

@: about to teleport, corroded, protection aura, very slow
A: retaliatory headbutt, horns 2
a: Bend Time, Temporal Distortion, Slouch, Step From Time, Renounce Religion


You were on level 1 of the Pits of Slime.
You worshipped Cheibriados.
Cheibriados was exalted by your worship.
You were not hungry.

You visited 5 branches of the dungeon, and saw 18 of its levels.

You collected 1294 gold pieces.

Inventory:

Hand Weapons
 o - a +4 whip
 p - a +0 morningstar
 q - a +3 dire flail of protection
 F - a +4 mace of protection (weapon)
Missiles
 x - 8 javelins of penetration (quivered)
Armour
 c - a +4 shield (worn)
 h - a +0 cloak (worn)
 D - +0 ice dragon scales
 J - a +0 plate armour (worn)
 Q - a +0 pair of boots (worn)
Jewellery
 a - a +4 amulet of reflection (around neck)
 s - an uncursed ring of ice
 C - an uncursed ring of fire
 E - a ring of protection from fire (right hand)
 P - a ring of protection from magic (left hand)
 X - an uncursed amulet of the acrobat
Wands
 k - a wand of scattershot (7)
 l - a wand of clouds (6)
 r - a wand of paralysis (15)
 H - a wand of disintegration (23)
 L - a wand of acid (10)
 M - a wand of iceblast (15)
 T - a wand of flame (18)
 Y - a wand of enslavement (9)
Scrolls
 e - 6 scrolls of amnesia
 i - 2 scrolls of identify
 j - 6 scrolls of teleportation
 t - 2 scrolls of magic mapping
 w - a scroll of enchant weapon
 y - 6 scrolls of remove curse
 G - a scroll of enchant armour
 I - 3 scrolls of summoning
 K - 3 scrolls of fog
 N - 2 scrolls of blinking
 V - a scroll of holy word
Potions
 b - 2 potions of cancellation
 d - 3 potions of might
 g - a potion of resistance
 n - 2 potions of magic
 v - 2 potions of flight
 A - 2 potions of invisibility
 B - 3 potions of brilliance
 R - 2 potions of ambrosia
 U - 2 potions of agility
Comestibles
 f - 19 rations


   Skills:
 + Level 11.0 Fighting
 + Level 14.8 Maces & Flails
 + Level 13.0 Armour
 + Level 3.5 Dodging
 + Level 2.2 Stealth
 + Level 15.9 Shields
 + Level 2.2 Invocations


You had 12 spell levels left.
You didn't know any spells.
Your spell library contained the following spells:

 Spells                   Type           Power        Failure   Level  Hunger
 Beastly Appendage        Tmut           #.....       61%         1    ##.....
 Sticks to Snakes         Tmut           #.......     75%         2    ###....
 Spider Form              Tmut/Pois      #.........   93%         3    ####...
 Ice Form                 Ice/Tmut       #.......     100%        4    #####..
 Blade Hands              Tmut           #.........   100%        5    ######.


Dungeon Overview and Level Annotations

Branches:
Dungeon (9/15)             Temple (1/1) D:7            Lair (6/6) D:9
 Shoals (1/4) Lair:2        Snake (0/4) Lair:3        Slime (1/5) Lair:6
    Orc (0/2) D:9

Altars:
Ashenzari
Cheibriados
Dithmenos
Elyvilon
Fedhas
Gozag
Hepliaklqana
Kikubaaqudgha
Makhleb
Nemelex Xobeh
Okawaru
Qazlal
Ru
Trog
Uskayaw
Vehumet
Wu Jian
Xom
Yredelemnul
Zin
The Shining One

Annotations:
D:3 Blork the orc
Lair:2 exclusion: 2 oklob plants


Innate Abilities, Weirdness & Mutations

You reflexively headbutt those who attack you in melee.
You have a pair of horns on your head.


Message History

You block the slime creature's attack.
You block the very large slime creature's attack.
The slime creature hits you!
* * * LOW HITPOINT WARNING * * *
A large slime creature splits.
The acid blob closely misses you. You furiously retaliate!
You headbutt the acid blob.
Okay, then.
As you read the scroll of teleportation, it crumbles to dust.
You feel strangely unstable. The acid blob spits acid at you.
The splash of acid hits you but does no damage.
The acid corrodes you!
You are splashed with acid!!
* * * LOW HITPOINT WARNING * * *
You block the slime creature's attack.
The acid blob hits you but does no damage.
The very large slime creature jiggles.
You block the very large slime creature's attack.
You block the slime creature's attack. x2
The slime creature closely misses you. The slime creature hits you.
You die...

................
................
................
................
................
.......>......>.
......JJJ.......
......J@J.......
......JJJ.......
................
................
................
................
..#..#...##.#...
.....##.## #....


You could see 2 acid blobs, a very large slime creature and 5 slime creatures.

Vanquished Creatures
  Rupert (Lair:3)
  A dire elephant (Lair:6)
  4 hydras
  2 catoblepae
  A merfolk avatar (Shoals:1)
  The ghost of Tensor the Whirler, a journeyman HaHu of Hepliaklqana (D:9)
  A two-headed ogre (D:8)
  Nergalle (Lair:3)
  2 lindwurms (Lair:6)
  4 manticores
  5 black mambas
  A torpor snail (Lair:6)
  13 spiny frogs
  2 rime drakes (Lair:6)
  4 komodo dragons
  A troll (D:9)
  3 hornets
  2 slime creatures
  5 blink frogs (Lair:6)
  6 dream sheep (Lair:6)
  6 hippogriffs
  A centaur simulacrum (D:9)
  2 wyverns
  31 yaks
  2 basilisks
  Grum (Lair:1)
  Menkaure (D:4)
  11 water moccasins
  3 nagas (Lair:3)
  8 porcupines
  5 orc warriors
  3 ice beasts
  2 sky beasts (D:9)
  2 phantoms
  5 ogres
  4 centaurs
  10 wolves
  11 crocodiles
  3 big kobolds (D:9)
  16 bullfrogs
  A spectral wyvern (D:9)
  3 gnoll sergeants
  2 scorpions
  9 killer bees
  2 howler monkeys
  6 electric eels
  3 spectral bullfrogs (D:9)
  4 crimson imps
  A bullfrog zombie (D:5)
  10 hounds
  4 orc priests
  5 jellies
  2 bullfrog skeletons (D:5)
  A centaur skeleton (D:4)
  An iguana (D:5)
  4 orc wizards
  4 hell rats (Lair:6)
  5 worker ants
  Terence (D:2)
  2 bullfrog simulacra (D:9)
  A hound zombie (D:7)
  A hound skeleton (D:4)
  2 worker ant zombies
  Robin (D:3)
  20 gnolls
  14 adders
  A shadow imp (D:7)
  2 oozes (D:1)
  An adder skeleton (D:7)
  7 worms
  3 dart slugs
  3 leopard geckos
  27 orcs
  A giant cockroach (D:6)
  14 goblins
  10 hobgoblins
  21 jackals
  A quokka (D:4)
  A ball python (D:6)
  6 bats
  7 frilled lizards
  A jackal skeleton (D:7)
  8 kobolds
  A leopard gecko skeleton (D:7)
  A quokka skeleton (D:5)
  9 rats
  3 rat zombies (D:7)
  A fungus (Lair:5)
425 creatures vanquished.

Vanquished Creatures (others)
  A leopard gecko (D:9)
  2 fungi
  3 plants (Lair:6)
6 creatures vanquished.

Grand Total: 431 creatures vanquished

Notes
Turn   | Place    | Note
-------+----------+-------------------------------------------
     0 | D:1      | serch the Minotaur Fighter began the quest for the Orb.
     0 | D:1      | Reached XP level 1. HP: 19/19 MP: 0/0
   112 | D:1      | Reached XP level 2. HP: 27/27 MP: 1/1
   147 | D:1      | Reached skill level 4 in Shields
   308 | D:1      | Reached XP level 3. HP: 33/33 MP: 2/2
   976 | D:2      | Found a glowing golden altar of the Shining One.
  1067 | D:2      | Reached XP level 4. HP: 16/40 MP: 3/3
  1071 | D:2      | Noticed Terence
  1080 | D:2      | Killed Terence
  1111 | D:2      | Reached skill level 1 in Dodging
  1380 | D:2      | Found an opulent altar of Gozag.
  1685 | D:3      | Reached XP level 5. HP: 46/46 MP: 4/4
  1923 | D:3      | Found a radiant altar of Vehumet.
  2030 | D:3      | Found a snail-covered altar of Cheibriados.
  2038 | D:3      | Became a worshipper of Cheibriados the Contemplative
  2175 | D:3      | Reached skill level 5 in Armour
  2213 | D:3      | Noticed Robin
  2230 | D:3      | Killed Robin
  2282 | D:3      | Noticed Blork the orc
  2378 | D:4      | Reached XP level 6. HP: 49/53 MP: 5/5
  2407 | D:4      | Reached skill level 5 in Shields
  2418 | D:4      | Reached * piety under Cheibriados
  2430 | D:4      | Noticed Menkaure
  2437 | D:4      | Killed Menkaure
  2437 | D:4      | Reached skill level 5 in Maces & Flails
  2541 | D:4      | Found a basalt altar of Yredelemnul.
  2880 | D:4      | Reached XP level 7. HP: 45/60 MP: 6/6
  3025 | D:5      | Entered Level 5 of the Dungeon
  3034 | D:5      | Reached skill level 5 in Fighting
  3106 | D:5      | Reached skill level 1 in Stealth
  3239 | D:5      | Reached ** piety under Cheibriados
  3239 | D:5      | Reached skill level 6 in Shields
  3390 | D:5      | Found a sparkling altar of Nemelex Xobeh.
  3420 | D:5      | Reached XP level 8. HP: 68/68 MP: 7/7
  3571 | D:6      | Found a blossoming altar of Fedhas.
  3783 | D:6      | Noticed a hornet
  3801 | D:6      | Killed a hornet
  3814 | D:6      | Reached *** piety under Cheibriados
  3846 | D:6      | Reached skill level 7 in Shields
  4200 | D:7      | Reached XP level 9. HP: 48/75 MP: 8/8
  4309 | D:7      | Reached **** piety under Cheibriados
  4334 | D:7      | Found a sacrificial altar of Ru.
  4402 | D:7      | Found a staircase to the Ecumenical Temple.
  4421 | D:7      | Reached skill level 8 in Shields
  4448 | Temple   | Entered the Ecumenical Temple
  4810 | D:7      | Found an ancient bone altar of Kikubaaqudgha.
  4998 | D:8      | Reached ***** piety under Cheibriados
  5162 | D:8      | Noticed a two-headed ogre
  5168 | D:8      | Killed a two-headed ogre
  5168 | D:8      | Reached skill level 10 in Maces & Flails
  5168 | D:8      | Reached skill level 9 in Shields
  5635 | D:9      | Reached XP level 10. HP: 57/84 MP: 9/9
  5715 | D:9      | Found a runed translucent gate.
  5715 | D:9      | Found a runed translucent gate.
  5715 | D:9      | Found a runed translucent gate.
  5719 | D:9      | Noticed Tensor's ghost (journeyman HaHu)
  5733 | D:9      | Killed Tensor's ghost
  5733 | D:9      | Reached skill level 10 in Shields
  6255 | D:9      | Found a staircase to the Lair.
  6391 | D:9      | Found a staircase to the Orcish Mines.
  6416 | D:9      | Reached skill level 1 in Invocations
  6433 | D:9      | Reached skill level 11 in Shields
  6787 | Lair:1   | Entered Level 1 of the Lair of Beasts
  6792 | Lair:1   | Noticed a black mamba
  6804 | Lair:1   | Killed a black mamba
  7006 | Lair:1   | Noticed a spiny frog
  7014 | Lair:1   | Killed a spiny frog
  7014 | Lair:1   | Reached XP level 11. HP: 94/94 MP: 10/10
  7201 | Lair:1   | Reached ****** piety under Cheibriados
  7257 | Lair:1   | Reached skill level 10 in Armour
  7651 | Lair:1   | Noticed Grum
  7667 | Lair:1   | Killed Grum
  7732 | Lair:1   | You fall through a shaft!
  7740 | Lair:2   | Noticed an oklob plant
  8252 | Lair:2   | Reached skill level 12 in Shields
  8435 | Lair:2   | Found a staircase to the Shoals.
  8675 | Lair:2   | Noticed an oklob plant
  8797 | Shoals:1 | Entered Level 1 of the Shoals
  8797 | Shoals:1 | Noticed a merfolk avatar
  8819 | Shoals:1 | Killed a merfolk avatar
  9144 | Lair:3   | Noticed a catoblepas
  9175 | Lair:3   | Killed a catoblepas
  9409 | Lair:3   | Noticed Rupert
  9429 | Lair:3   | Killed Rupert
  9429 | Lair:3   | Reached skill level 13 in Shields
  9429 | Lair:3   | Reached XP level 12. HP: 81/105 MP: 11/11
  9729 | Lair:3   | Found a staircase to the Snake Pit.
  9730 | Lair:3   | Noticed Nergalle
  9745 | Lair:3   | Killed Nergalle
 10110 | Lair:4   | Noticed a six-headed hydra
 10119 | Lair:4   | Killed a six-headed hydra
 10153 | Lair:4   | Noticed a seven-headed hydra
 10160 | Lair:4   | Killed a seven-headed hydra
 10382 | Lair:4   | Reached skill level 10 in Fighting
 10613 | Lair:4   | Reached skill level 14 in Shields
 11890 | Lair:6   | Entered Level 6 of the Lair of Beasts
 11955 | Lair:6   | Reached XP level 13. HP: 105/114 MP: 12/12
 12005 | Lair:6   | Found a staircase to the Slime Pits.
 12014 | Lair:6   | Identified a scroll of acquirement
 12102 | Lair:6   | Reached skill level 15 in Shields
 12169 | Lair:6   | Found a frozen archway.
 13043 | Lair:6   | Noticed a dire elephant
 13067 | Lair:6   | Killed a dire elephant
 13681 | Slime:1  | Entered Level 1 of the Pits of Slime
 13682 | Slime:1  | Noticed an acid blob
 13686 | Slime:1  | Noticed an acid blob
 13699 | Slime:1  | HP: 1/116 [acid (18)]
 13699 | Slime:1  | Slain by a slime creature

Skill      XL: |  1  2  3  4  5  6  7  8  9 10 11 12 13 |
---------------+----------------------------------------+-----
Shields        | 4 5 6 7 9 11 13 14 15 | 15.9
Fighting       | 4 5 6 8 9 10 11 | 11.0
Armour         | 4 5 6 7 8 9 11 12 13 | 13.0
Maces & Flails | 3 4 5 7 9 10 11 13 14 | 14.8
Dodging        | 1 2 3 |  3.5
Stealth        | 1 2 |  2.2
Invocations    | 1 2 |  2.2

Action                   |  1- 3 |  4- 6 |  7- 9 | 10-12 | 13-15 || total
-------------------------+-------+-------+-------+-------+-------++-------
Melee: Flail             |    90 |    23 |       |       |       ||   113
       Headbutt          |    12 |    30 |    67 |   175 |    91 ||   375
       Whip              |       |   161 |       |       |       ||   161
       Mace              |       |    14 |   267 |   526 |   205 ||  1012
Invok: Slouch            |       |       |       |     1 |     1 ||     2
  Use: Scroll            |       |       |    13 |    17 |     8 ||    38
       Potion            |       |       |     2 |     3 |     5 ||    10
  Eat: Chunk             |       |     2 |       |       |       ||     2
       Ration            |       |     2 |     1 |     4 |       ||     7
Armor: Scale mail        |    33 |    22 |       |       |       ||    55
       Chain mail        |       |    40 |    37 |       |       ||    77
       Plate armour      |       |       |   101 |   161 |    88 ||   350
Dodge: Dodged            |    20 |    53 |    78 |   157 |    66 ||   374
Block: Shield            |    46 |    75 |   226 |   491 |   290 ||  1128
       Reflection        |       |       |       |       |     2 ||     2
